 Dungeon Crawl Stone Soup version 0.31-a0-557-g6e16503903 (webtiles) character file.

Game seed: 13460424072800749095

819 Duck the Magician (level 7, -4/40 HPs)
             Began as a Deep Elf Conjurer on Aug 16, 2023.
             Was a Believer of Lugonu.
             Slain by a two-headed ogre
             ... wielding a +0 giant spiked club
              (11 damage)
             ... on level 5 of the Dungeon.
             The game lasted 00:21:13 (3804 turns).

Duck the Magician (Deep Elf Conjurer)               Turns: 3804, Time: 00:21:14

Health: -4/40      AC:  7    Str:  4    XL:     7   Next: 63%
Magic:  13/19      EV: 12    Int: 34    God:    Lugonu [**....]
Gold:   74         SH:  0    Dex: 13    Spells: 5/19 levels left

rFire   . . .        j - +9 dagger of the Kidney {spect, rElec}
rCold   . . .        (no shield)
rNeg    . . .        a - +0 robe
rPois   .            s - +2 helmet {Int+3}
rElec   +            (no cloak)
rCorr   .            (no gloves)
SInv    .            k - +1 pair of boots
Will    .....        (no amulet)
Stlth   ++           g - +6 ring of intelligence
HPRegen 0.26/turn    q - ring of flight
MPRegen 0.16/turn

%: clarity
@: flying
A: clarity
a: Renounce Religion, Depart the Abyss, Banish


You were on level 5 of the Dungeon.
You worshipped Lugonu.
Lugonu was pleased with you.
You visited 1 branch of the dungeon, and saw 5 of its levels.
You visited the Abyss 1 time.

You collected 171 gold pieces.
You spent 97 gold pieces at shops.

Inventory:

Hand Weapons
 c - a +0 dagger of holy wrath
 e - a +2 dagger of flaming
 j - the +9 dagger of the Kidney (weapon) {spect, rElec}
   (You found it on level 3 of the Dungeon)

   rElec:     It insulates you from electricity.
 l - a +3 dagger of distortion
 m - the +6 shillelagh "Devastator" {shatter}
   (You found it on level 3 of the Dungeon)
Armour
 a - a +0 robe (worn)
 k - a +1 pair of boots (worn)
 s - a +2 helmet of intelligence (worn)
Magical Staves
 i - a staff of conjuration
Jewellery
 g - a +6 ring of intelligence (left hand)
 q - a ring of flight (right hand)
Wands
 f - a wand of polymorph (13)
 p - a wand of flame (20)
Scrolls
 t - a scroll of identify
Potions
 b - a potion of magic
 d - 2 potions of enlightenment {unknown}
 h - 3 potions of haste
 n - a potion of heal wounds {unknown}
 o - a potion of lignification {unknown}
 r - a potion of brilliance {unknown}
 u - a potion of curing
 v - a potion of attraction {unknown}


   Skills:
 + Level 2.5 Fighting
 - Level 1.1 Short Blades
 * Level 4.4 Staves
 - Level 2.4 Dodging
 - Level 2.4 Stealth
 + Level 6.7 Spellcasting
 * Level 6.2 Conjurations


You had 5 spell levels left.
You knew the following spells:

 Your Spells              Type           Power      Damage    Failure   Level
a - Magic Dart            Conj           100%       1d8       1%          1
b - Ensorcelled Hibernat  Hex/Ice        22%        N/A       5%          2
c - Searing Ray           Conj           100%       2d8       1%          2
d - Dazzling Flash        Conj/Hex       64%        N/A       3%          3
e - Passwall              Tmut/Erth      9%         N/A       5%          2
f - Iskenderun's Mystic   Conj/Tloc      32%        2d8       11%         4

Your spell library contained the following spells:

 Spells                   Type           Power      Damage    Failure   Level
 Shock                    Conj/Air       100%       1d9       1%          1
 Swiftness                Air            11%        N/A       11%         3
 Fulminant Prism          Conj/Hex       16%        3d10      11%         4
 Airstrike                Air            5%         2d(1-17)  36%         4
 Agony                    Necr           11%        N/A       71%         5
 Silence                  Hex/Air        5%         N/A       71%         5


Dungeon Overview and Level Annotations

Branches:
Dungeon (5/15)
 Temple: D:4-7

Altars:
Dithmenos
Fedhas
Makhleb
Okawaru
Trog
Uskayaw
Wu Jian

Shops:
D:3 *


Innate Abilities, Weirdness & Mutations

You possess an exceptional clarity of mind.


Message History

Press ? for a list of commands and other information.
Magic restored.
HP restored.
A two-headed ogre comes into view.
It is wielding two +0 giant spiked clubs.
The two-headed ogre shouts in stereo!
A two-headed ogre is nearby!
Cast which spell? (? or * to list)
Aiming: Magic Dart (safe; 1% risk of failure)
Press: ? - help, Shift-Dir - straight line, f - two-headed ogre
Aim: a two-headed ogre, wielding two +0 giant spiked clubs (100% to hit)
The magic dart hits the two-headed ogre but does no damage.
Casting: Magic Dart (safe; 1% risk of failure)
Confirm with . or Enter, or press ? or * to list all spells.
Aiming: Searing Ray (safe; 1% risk of failure)
Press: ? - help, Shift-Dir - straight line, f/p - two-headed ogre
Aim: a two-headed ogre, wielding two +0 giant spiked clubs (92% to hit)
The searing ray hits the two-headed ogre.
The two-headed ogre is lightly wounded. (Press . to maintain the ray.)
The searing ray hits the two-headed ogre.
The two-headed ogre is lightly wounded.
Casting: Searing Ray (safe; 1% risk of failure)
Confirm with . or Enter, or press ? or * to list all spells.
Aiming: Ensorcelled Hibernation (safe; 5% risk of failure)
Press: ? - help, Shift-Dir - straight line, f/p - two-headed ogre
Aim: a two-headed ogre, wielding two +0 giant spiked clubs (lightly wounded, chance to affect: 28%)
The two-headed ogre easily resists.
You hit the two-headed ogre.
The two-headed ogre is lightly wounded.
Your +9 dagger of the Kidney {spect, rElec} hits the two-headed ogre but does no damage.
The two-headed ogre closely misses you.
The two-headed ogre hits you with a +0 giant spiked club!!
Ouch! That really hurt!
You hit the two-headed ogre.
The two-headed ogre is moderately wounded.
Your +9 dagger of the Kidney {spect, rElec} hits the two-headed ogre.
The two-headed ogre hits you with a +0 giant spiked club!
* * * LOW HITPOINT WARNING * * *
The two-headed ogre hits you with a +0 giant spiked club!
You die...

......### .......##
......... .........
#........ #.......#
###O......#
############.(@.......
##..........).........#
##...[..............####
#...))######......###
#.†.### ######## #.)##
#...# ### ##..##
######.###
#...####........##


You could see a two-headed ogre and a friendly +9 dagger of the Kidney {spect,
rElec}.

Vanquished Creatures
  Sigmund (D:2)
  Eustachio (D:5)
  An orc warrior (D:5)
  An ogre (D:4)
  The ghost of Newt the Trooper, a weakling DrSh (D:3)
  A crimson imp (D:3)
  A hound (D:3)
  2 iguanas (D:5)
  Ijyb (D:3)
  Robin (D:3)
  4 gnolls (D:5)
  2 dart slugs
  2 worms
  9 orcs
  9 endoplasms
  A giant cockroach (D:1)
  12 goblins
  13 hobgoblins
  A quokka (D:1)
  4 ball pythons
  3 bats
  5 frilled lizards
  8 kobolds
  10 rats
94 creatures vanquished.

Notes
Turn   | Place    | Note
-------+----------+-------------------------------------------
     0 | D:1      | Duck the Deep Elf Conjurer began the quest for the Orb.
     0 | D:1      | Reached XP level 1. HP: 10/10 MP: 6/6
   331 | D:1      | Reached XP level 2. HP: 16/16 MP: 8/8
   478 | D:1      | Learned a level 1 spell: Shock
  1013 | D:2      | Reached skill level 1 in Short Blades
  1073 | D:2      | Reached XP level 3. HP: 20/20 MP: 10/10
  1097 | D:2      | Learned a level 2 spell: Searing Ray
  1101 | D:2      | Learned a level 3 spell: Dazzling Flash
  1379 | D:2      | Noticed Sigmund
  1540 | D:2      | Identified a scroll of acquirement
  1540 | D:2      | Acquired a staff of conjuration
  1543 | Abyss:1  | Cast into level 1 of the Abyss (unwielding a weapon of
                  | distortion)
  1545 | Abyss:1  | Found a corrupted altar of Lugonu.
  1552 | Abyss:1  | Became a worshipper of Lugonu the Unformed
  1552 | Abyss:1  | Reached * piety under Lugonu
  1552 | Abyss:1  | Reached ** piety under Lugonu
  1555 | D:2      | Escaped the Abyss
  1618 | D:2      | Killed Sigmund
  1619 | D:2      | Reached skill level 1 in Fighting
  1619 | D:2      | Reached skill level 5 in Spellcasting
  1619 | D:2      | Reached skill level 5 in Conjurations
  1619 | D:2      | Reached XP level 4. HP: 24/25 MP: 3/13
  1619 | D:2      | Reached XP level 5. HP: 28/29 MP: 3/14
  1858 | D:2      | Found a faded altar of an unknown god.
  1970 | D:3      | Noticed Ijyb
  2011 | D:3      | Killed Ijyb
  2138 | D:3      | Found the +6 shillelagh "Devastator" {shatter}
  2159 | D:3      | Found a bloodstained altar of Trog.
  2208 | D:3      | Noticed Grinder
  2224 | D:3      | Grinder changed into Grinder the crimson imp
  2224 | D:3      | Noticed Grinder
  2234 | D:3      | Killed Grinder the crimson imp
  2235 | D:3      | Reached XP level 6. HP: 25/35 MP: 9/16
  2236 | D:3      | Identified the +9 dagger of the Kidney {spect, rElec}
  2279 | D:3      | Found Hisemna's General Store.
  2290 | D:3      | Bought a scroll of enchant weapon for 97 gold pieces
  2458 | D:3      | Noticed Robin
  2466 | D:3      | Killed Robin
  2611 | D:3      | Found a faded altar of an unknown god.
  2615 | D:3      | Found a burning altar of Makhleb.
  2724 | D:3      | Found an iron altar of Okawaru.
  2781 | D:3      | Found a runed translucent door.
  2788 | D:3      | Noticed Newt's ghost (weakling DrSh)
  2797 | D:3      | Found a blossoming altar of Fedhas.
  2797 | D:3      | Found a hide-covered altar of Uskayaw.
  2823 | D:3      | Killed Newt's ghost
  3039 | D:4      | Learned a level 2 spell: Ensorcelled Hibernation
  3042 | D:4      | Learned a level 2 spell: Passwall
  3047 | D:4      | Learned a level 4 spell: Iskenderun's Mystic Blast
  3076 | D:4      | Gained mutation: You possess an exceptional clarity of
                  | mind. [potion of mutation]
  3217 | D:4      | Found a shadowy altar of Dithmenos.
  3289 | D:4      | Found an ornate altar of the Wu Jian Council.
  3492 | D:5      | Entered Level 5 of the Dungeon
  3524 | D:5      | Noticed an orc warrior
  3529 | D:5      | Reached XP level 7. HP: 38/40 MP: 13/18
  3746 | D:5      | Noticed Eustachio
  3754 | D:5      | Killed Eustachio
  3797 | D:5      | Noticed a two-headed ogre
  3804 | D:5      | Slain by a two-headed ogre

Illustrated notes

Levels and vault maps discovered:
D:1:      lightli_arrival_statuegarden, layout_rooms, st_stairs_10,
          chequers_big_river, chequers_serial_rivers_room_b
D:2:      layout_basic, shapermc_ecumenical_altar_acropolis, uniq_sigmund
D:3:      layout_loops_ring, mainiacjoe_overflow_paths,
          okawaru_altar_gauntlet_db, nicolae_overflow_ecumenical_swirl,
          nicolae_overflow_two_pavilions, serial_shops, shop,
          ebering_ghost_reflecting_pool, uniq_ijyb, uniq_robin, uniq_grinder
D:4:      layout_rooms, nicolae_dithmenos_through_a_glass_darkly,
          nzn_wu_jian_council_hall
D:5:      layout_layer_cave, uniq_eustachio

Skill      XL: |  1  2  3  4  5  6  7 |
---------------+----------------------+-----
Short Blades   | 1 |  1.1
Spellcasting   | 5 6 |  6.7
Fighting       | 1 2 |  2.5
Staves         | 2 3 4 |  4.4
Conjurations   | 5 6 |  6.2
Dodging        | |  2.4
Stealth        | |  2.4

Action                     |  1- 3 |  4- 6 |  7- 9 || total
---------------------------+-------+-------+-------++-------
  Melee: Dagger            |    35 |    63 |    18 ||   116
         Staff             |     1 |    44 |       ||    45
         Unarmed           |       |    30 |       ||    30
         Punch             |       |     2 |       ||     2
   Cast: Magic Dart        |    31 |     9 |     1 ||    41
         Shock             |     4 |       |       ||     4
         Searing Ray       |     1 |     5 |     5 ||    11
         Ensorcelled Hiber |       |     1 |     1 ||     2
         Iskenderun's Myst |       |     1 |       ||     1
         Dazzling Flash    |       |       |     1 ||     1
 Invoke: Depart the Abyss  |     1 |       |       ||     1
  Evoke: Wand              |       |     2 |       ||     2
    Use: Scroll            |     1 |     7 |       ||     8
         Potion            |       |     6 |       ||     6
   Stab: Sleeping          |     4 |     2 |       ||     6
         Distracted        |       |       |     1 ||     1
 Armour: Robe              |     7 |    27 |     2 ||    36
         Skin              |       |     2 |       ||     2
  Dodge: Dodged            |    20 |    66 |    13 ||    99

Table legend: (Time is in decaauts)
 A = Elapsed time spent in this place.
 B = Non-inter-level travel time spent in this place.
 C = Inter-level travel time spent in this place.
 D = Time resting spent in this place.
 E = Time spent auto-exploring this place.
 F = Levels seen in this place.
 G = Mean time per level.
                   A        B        C        D        E       F      G
               +--------+--------+--------+--------+--------+-----+--------+
         Total |   3812 |   3716 |     96 |    543 |   2396 |   6 |  635.3 |
       Dungeon |   3800 |   3704 |     96 |    543 |   2396 |   5 |  760.0 |
         Abyss |     11 |     11 |      0 |      0 |      0 |   1 |   11.0 |
               +--------+--------+--------+--------+--------+-----+--------+

Top non-repeatable levels by time:
     D:3: 1114 daAuts
     D:1: 1059 daAuts
     D:2: 838 daAuts
     D:4: 478 daAuts
     D:5: 310 daAuts
 Abyss:1: 11 daAuts
